 Dungeon Crawl Stone Soup version 0.22.1-2-g9c5b331383 (webtiles) character file.

1618 Cykl0x the Cleaver (level 8, -9/105 HPs)
             Began as a Minotaur Fighter on Dec 29, 2018.
             Was a Priest of Jiyva.
             Killed from afar by an electric eel (11 damage)
             ... with a bolt of electricity
             ... on level 7 of the Dungeon.
             The game lasted 00:20:21 (5979 turns).

Cykl0x the Cleaver (Minotaur Fighter)               Turns: 5979, Time: 00:20:27

Health: -9/105     AC: 18    Str: 27    XL:     8   Next: 64%
Magic:  7/7        EV:  6    Int:  5    God:    Jiyva [***...]
Gold:   117        SH: 12    Dex: 13    Spells: 7/7 levels left

rFire    . . .     SeeInvis .   a - +0 war axe
rCold    . . .     Gourm    .   c - +1 shield
rNeg     . . .     Faith    .   q - +0 plate armour
rPois    +         Spirit   .   (helmet restricted)
rElec    .         Reflect  .   e - +1 cloak {MR+}
rCorr    +         Harm     .   (no gloves)
MR       +....                  i - +2 pair of boots
Stlth    ..........             (no amulet)
HPRegen  0.27/turn              r - ring of flight
MPRegen  0.10/turn              x - ring of poison resistance

@: berserking, very quick
A: retaliatory headbutt, horns 2, agile 1
a: Request Jelly, Renounce Religion, Evoke Flight


You were on level 7 of the Dungeon.
You worshipped Jiyva.
Jiyva was most pleased with you.
You were not hungry.

You visited 2 branches of the dungeon, and saw 8 of its levels.

You collected 210 gold pieces.
You spent 93 gold pieces at shops.

Inventory:

Hand Weapons
 a - a +0 war axe (weapon)
Missiles
 u - 109 stones
 y - 2 tomahawks (quivered)
Armour
 b - a +0 scale mail
 c - a +1 shield (worn)
 e - a +1 cloak of magic resistance (worn)
 i - a +2 pair of boots (worn)
 q - a +0 plate armour (worn)
Jewellery
 r - a ring of flight (left hand)
 x - a ring of poison resistance (right hand)
Wands
 o - a wand of clouds (2)
 s - a wand of enslavement (20)
 C - a wand of random effects (20)
 G - a wand of disintegration (17)
Scrolls
 g - 2 scrolls of teleportation
 h - 2 scrolls of remove curse
 m - 2 scrolls of enchant armour
 w - 2 scrolls of blinking
 A - a scroll of amnesia {unknown}
 B - 2 scrolls of identify
 D - a scroll of acquirement {unknown}
 F - a scroll of fog {unknown}
 H - a scroll of magic mapping {unknown}
Potions
 d - 2 potions of might
 j - 2 potions of degeneration
 k - a potion of lignification
 l - a potion of berserk rage
 n - 2 potions of heal wounds {unknown}
 p - a potion of ambrosia {unknown}
 t - a potion of cancellation {unknown}
 v - a potion of brilliance {unknown}
 z - a potion of mutation {unknown}
Comestibles
 f - 10 rations


   Skills:
 + Level 5.9 Fighting
 + Level 8.8 Axes
 + Level 0.2 Throwing
 + Level 7.0 Armour
 + Level 1.4 Dodging
 + Level 0.1 Stealth
 + Level 7.2 Shields


You had 7 spell levels left.
You didn't know any spells.
Your spell library contained the following spells:

 Spells                   Type           Power        Failure   Level  Hunger
 Corona                   Hex            #......      100%        1    ##.....
 Ensorcelled Hibernation  Hex/Ice        #.....       100%        2    ###....
 Confuse                  Hex            #.......     100%        3    ####...
 Dazzling Spray           Conj/Hex       #.....       100%        3    ####...
 Tukima's Dance           Hex            #.......     100%        3    ####...


Dungeon Overview and Level Annotations

Branches:
Dungeon (7/15)             Temple (1/1) D:5

Altars:
Ashenzari
Cheibriados
Dithmenos
Elyvilon
Fedhas
Gozag
Kikubaaqudgha
Makhleb
Nemelex Xobeh
Okawaru
Qazlal
Ru
Sif Muna
Trog
Uskayaw
Vehumet
Wu Jian
Xom
Yredelemnul
Zin
Jiyva

Shops:
D:5 ?**


Innate Abilities, Weirdness & Mutations

You reflexively headbutt those who attack you in melee.
You have a pair of horns on your head.
You are agile. (Dex +2)


Message History

The electric eel shoots out a bolt of lightning at you!
The bolt of electricity hits you! x2
Your plate armour prevents you from hitting the electric eel.
Your headbutt misses the electric eel.
The electric eel is heavily wounded.
You closely miss the electric eel.
The electric eel is heavily wounded.
The electric eel shoots out a bolt of lightning at you!
The bolt of electricity hits you!
* * * LOW HITPOINT WARNING * * *
The bolt of electricity hits you!
* * * LOW HITPOINT WARNING * * *
It was a potion of berserk rage.
A red film seems to cover your vision as you go berserk!
You feel yourself moving faster!
You feel mighty!
The electric eel shoots out a bolt of lightning at you!
The bolt of electricity hits you!
* * * LOW HITPOINT WARNING * * *
The bolt of electricity hits you!
You die...

##..# #..#
####..######
#..........#
#.##.#####.#
#.#### #.#
##.###
#;@..#
#≈...#
#≈≈≈.#
#≈≈≈≈.#
#≈≈≈≈..
≈≈≈≈≈...
#≈≈≈≈≈≈.##
≈≈≈≈≈≈..#


You could see an electric eel.

Vanquished Creatures
  Sigmund (D:6)
  2 ice beasts
  A sky beast (D:5)
  2 ogres
  A centaur (D:7)
  Blork the orc (D:6)
  2 bullfrogs
  A gnoll sergeant (D:6)
  2 howler monkeys
  A crimson imp (D:6)
  A hound (D:5)
  Crazy Yiuf (D:6)
  3 orc wizards (D:7)
  2 centaur skeletons
  An iguana (D:4)
  Natasha (thrice) (D:3)
  4 worker ants
  A hound zombie (D:6)
  6 gnolls
  5 adders
  A shadow imp (D:7)
  An adder zombie (D:7)
  An adder skeleton (D:4)
  3 worms
  A dart slug (D:2)
  4 leopard geckos
  10 orcs
  A ball python (D:3)
  5 bats
  A giant cockroach (D:2)
  3 goblins
  A hobgoblin (D:2)
  5 jackals
  9 kobolds
  7 quokkas
  8 frilled lizards
  3 rats
105 creatures vanquished.

Vanquished Creatures (others)
  A hungry ghost (D:6)
  Menkaure (D:6)
  A scorpion (D:6)
  7 jellies
  2 hounds (D:6)
  A worker ant (D:7)
  2 gnolls (D:6)
  An adder zombie (D:6)
  An orc (D:7)
  A giant cockroach (D:6)
  4 toadstools (D:1)
22 creatures vanquished.

Grand Total: 127 creatures vanquished

Notes
Turn   | Place    | Note
-------+----------+-------------------------------------------
     0 | D:1      | Cykl0x the Minotaur Fighter began the quest for the Orb.
     0 | D:1      | Reached XP level 1. HP: 19/19 MP: 0/0
   369 | D:1      | Reached XP level 2. HP: 27/27 MP: 1/1
   489 | D:2      | Found a stormy altar of Qazlal.
   559 | D:2      | Found a snail-covered altar of Cheibriados.
   608 | D:2      | Reached skill level 3 in Axes
   712 | D:2      | Reached XP level 3. HP: 33/33 MP: 2/2
  1502 | D:3      | Found a faded altar of an unknown god.
  1720 | D:3      | Noticed Natasha
  1729 | D:3      | Killed Natasha
  1729 | D:3      | Reached skill level 4 in Axes
  1729 | D:3      | Reached XP level 4. HP: 30/40 MP: 3/3
  1756 | D:3      | Noticed Natasha
  1763 | D:3      | Killed Natasha
  1810 | D:3      | Noticed Natasha
  1816 | D:3      | Killed Natasha
  1816 | D:3      | Reached skill level 5 in Axes
  2013 | D:3      | Found a faded altar of an unknown god.
  2080 | D:4      | Noticed an ogre
  2127 | D:4      | Reached XP level 5. HP: 46/46 MP: 4/4
  2634 | D:4      | Found a sacrificial altar of Ru.
  2635 | D:4      | Found a radiant altar of Vehumet.
  3188 | D:4      | Found a sacrificial altar of Ru.
  3191 | D:4      | Found a radiant altar of Vehumet.
  3327 | D:4      | Reached skill level 1 in Dodging
  3380 | D:4      | Killed an ogre
  3380 | D:4      | Reached skill level 5 in Armour
  3380 | D:4      | Reached XP level 6. HP: 30/52 MP: 5/5
  4147 | D:5      | Entered Level 5 of the Dungeon
  4147 | D:5      | Found a staircase to the Ecumenical Temple.
  4157 | Temple   | Entered the Ecumenical Temple
  4222 | Temple   | Became a worshipper of Jiyva Jaecrah the Shapeless
  4368 | D:5      | Reached skill level 6 in Axes
  4433 | D:5      | Found Vaonuut's Assorted Antiques.
  4441 | D:5      | Bought a scroll labeled ZEZUM FAZO for 31 gold pieces
  4441 | D:5      | Bought a scroll of identify for 62 gold pieces
  4445 | D:5      | Found Teaclur's General Store.
  4503 | D:5      | Noticed a sky beast
  4510 | D:5      | Killed a sky beast
  4510 | D:5      | Reached XP level 7. HP: 48/59 MP: 6/6
  4528 | D:5      | Found Ziucyoqe's Magic Scroll Emporium.
  4711 | D:5      | Got a heavy robe
  4722 | D:5      | Identified the +4 robe of Opoviaffiq {+Fly MR+ Dex-2 SInv}
                  | (You found it on level 5 of the Dungeon)
  5025 | D:6      | Found a basalt altar of Yredelemnul.
  5026 | D:6      | Found a shattered altar of Ashenzari.
  5026 | D:6      | Found a bloodstained altar of Trog.
  5036 | D:6      | Noticed Sigmund
  5051 | D:6      | Killed Sigmund
  5051 | D:6      | Reached skill level 7 in Axes
  5051 | D:6      | Reached skill level 5 in Shields
  5051 | D:6      | Noticed Blork the orc
  5055 | D:6      | Reached * piety under Jiyva
  5059 | D:6      | Noticed Menkaure
  5066 | D:6      | Killed Blork the orc
  5068 | D:6      | Killed Menkaure
  5099 | D:6      | Reached ** piety under Jiyva
  5194 | D:6      | Found a runed door.
  5198 | D:6      | Noticed Crazy Yiuf
  5203 | D:6      | Killed Crazy Yiuf
  5203 | D:6      | Reached skill level 5 in Fighting
  5258 | D:6      | Reached XP level 8. HP: 59/68 MP: 7/7
  5358 | D:6      | Reached skill level 8 in Axes
  5684 | D:7      | Reached *** piety under Jiyva
  5831 | D:7      | Found a glowing silver altar of Zin.
  5831 | D:7      | Found a shimmering altar of Xom.
  5831 | D:7      | Noticed an angel
  5851 | D:7      | Gained mutation: You are agile. (Dex +2) [Jiyva's grace]
  5978 | D:7      | HP: 3/70 [electric eel/bolt of electricity (13)]
  5979 | D:7      | Killed from afar by an electric eel

Skill      XL: |  1  2  3  4  5  6  7  8 |
---------------+-------------------------+-----
Armour         | 4 5 6 7 |  7.0
Fighting       | 4 5 |  5.9
Axes           | 3 4 5 6 7 8 |  8.8
Shields        | 4 5 7 |  7.2
Dodging        | 1 |  1.4
Throwing       | |  0.2
Stealth        | |  0.1

Action                   |  1- 3 |  4- 6 |  7- 9 || total
-------------------------+-------+-------+-------++-------
Melee: War axe           |    92 |    94 |   114 ||   300
       Headbutt          |    11 |    20 |    29 ||    60
Throw: Tomahawk          |       |     2 |       ||     2
       Stone             |       |     1 |       ||     1
  Use: Scroll            |     7 |     3 |       ||    10
       Potion            |       |       |     4 ||     4
  Eat: Chunk             |     3 |     5 |     3 ||    11
       Ration            |       |     1 |       ||     1
Armor: Scale mail        |    36 |       |       ||    36
       Plate armour      |    14 |    43 |    89 ||   146
Dodge: Dodged            |    29 |    18 |    33 ||    80
Block: Shield            |    50 |    48 |    82 ||   180
